 Dungeon Crawl Stone Soup version 0.31-a0-164-g2312942fda (webtiles) character file.

Game seed: 7659448056659874552

20439 pokeman the Eclecticist (level 12, 0/66 HPs)
             Began as a Deep Elf Hedge Wizard on June 13, 2023.
             Was a Believer of Vehumet.
             Succumbed to Nessos's poison
             ... on level 12 of the Dungeon.
             The game lasted 00:51:53 (15917 turns).

pokeman the Eclecticist (Deep Elf Hedge Wizard)    Turns: 15917, Time: 00:51:53

Health: 0/66       AC: 12    Str:  7    XL:     12   Next: 45%
Magic:  28/35      EV: 11    Int: 25    God:    Vehumet [**....]
Gold:   652        SH:  0    Dex: 14    Spells: 27/45 levels left

rFire   . . .        I - +2 short sword (venom)
rCold   . . .        (no shield)
rNeg    + . .        K - +0 acid dragon scales
rPois   .            w - +1 helmet
rElec   .            O - +1 cloak {Will+}
rCorr   +            z - +0 pair of gloves
SInv    .            (no boots)
Will    ++...        i - amulet of regeneration
Stlth   ++           f - ring of positive energy
HPRegen 1.11/turn    (no ring)
MPRegen 0.24/turn

%: no passive effects
@: lethally poisoned (0 -> -9)
A: deterioration 1, mutation resistance 1
a: Renounce Religion


You were on level 12 of the Dungeon.
You worshipped Vehumet.
Vehumet was pleased with you.
You visited 2 branches of the dungeon, and saw 14 of its levels.
You also visited: Bailey.

You collected 665 gold pieces.
You spent 13 gold pieces at shops.

Inventory:

Hand Weapons
 m - a +3 quarterstaff of chaos
 I - a +2 short sword of venom (weapon)
Armour
 a - a +0 buckler
 d - a +1 leather armour of positive energy
 w - a +1 helmet (worn)
 z - a +0 pair of gloves (worn)
 A - +0 steam dragon scales
 C - a +2 robe of cold resistance
 K - +0 acid dragon scales (worn)
 N - the +3 leather armour of Koydu {*Slow rF+ Str+2}
   (You found it on level 10 of the Dungeon)

   Str:       It affects your strength (+2).
   rF:        It protects you from fire.
   *Slow:     It may slow you when you take damage.
 O - a +1 cloak of willpower (worn)
Jewellery
 f - a ring of positive energy (left hand)
 i - an amulet of regeneration (around neck)
 n - a ring of willpower
 u - an amulet of faith
 y - an amulet of reflection
 L - an amulet of guardian spirit
Wands
 q - a wand of polymorph (3)
 D - a wand of flame (38)
 F - a wand of roots (5)
 G - a wand of quicksilver (15)
 M - a wand of paralysis (2)
Scrolls
 e - 4 scrolls of identify
 g - 5 scrolls of noise
 h - a scroll of vulnerability
 k - 2 scrolls of enchant armour
 o - 3 scrolls of teleportation {unknown}
 p - 5 scrolls of fear {unknown}
 v - 3 scrolls of blinking {unknown}
 E - a scroll of fog {unknown}
 H - 2 scrolls of immolation {unknown}
Potions
 b - a potion of cancellation {unknown}
 c - 2 potions of attraction {unknown}
 j - 2 potions of enlightenment {unknown}
 l - 4 potions of mutation
 r - 2 potions of brilliance {unknown}
 s - 3 potions of curing {unknown}
 t - 2 potions of lignification {unknown}
 x - 3 potions of haste
 B - a potion of heal wounds {unknown}
 J - a potion of might {unknown}


   Skills:
 - Level 4.0 Fighting
 - Level 4.0 Armour
 - Level 3.0 Dodging
 - Level 3.0 Stealth
 + Level 4.9 Shields
 * Level 17.3 Spellcasting
 + Level 10.3 Conjurations
 - Level 2.2 Summonings
 - Level 1.1 Translocations
 + Level 9.6 Fire Magic
 - Level 1.2 Air Magic
 - Level 1.0 Poison Magic
 - Level 1.0 Evocations


You had 27 spell levels left.
You knew the following spells:

 Your Spells              Type           Power      Damage    Failure   Level
a - Magic Dart            Conj           100%       1d8       1%          1
b - Mephitic Cloud        Conj/Pois/Air  42%        N/A       2%          3
c - Call Imp              Summ           64%        N/A       2%          2
d - Blink                 Tloc           54%        N/A       4%          2
e - Iskenderun's Mystic   Conj/Tloc      50%        2d11      4%          4
f - Starburst             Conj/Fire      32%        6d10      11%         6

Your spell library contained the following spells:

 Spells                   Type           Power      Damage    Failure   Level
 Shock                    Conj/Air       100%       1d9       1%          1
 Dazzling Flash           Conj/Hex       94%        N/A       1%          3
 Volatile Blastmotes      Fire/Tloc      96%        2d18      1%          3
 Apportation              Tloc           54%        N/A       2%          1
 Sting                    Tmut/Pois      96%        1d7       3%          1
 Necrotise                Necr           84%        1d8       4%          1
 Slow                     Hex            84%        N/A       4%          1
 Cigotuvi's Dreadful Rot  Necr/Pois/Air  50%        N/A       4%          2
 Lesser Beckoning         Tloc           54%        N/A       4%          2
 Poisonous Vapours        Pois/Air       54%        N/A       4%          2
 Gell's Gravitas          Tloc           27%        N/A       8%          3
 Summon Guardian Golem    Hex/Summ       27%        N/A       8%          3
 Teleport Other           Tloc           27%        N/A       8%          3
 Portal Projectile        Hex/Tloc       48%        N/A       10%         3
 Vampiric Draining        Necr           21%        2d7       13%         3
 Olgreb's Toxic Radiance  Pois           26%        N/A       26%         4
 Anguish                  Hex/Necr       10%        N/A       38%         4
 Cause Fear               Hex            10%        N/A       38%         4
 Summon Mana Viper        Hex/Summ       27%        N/A       58%         5
 Alistair's Intoxication  Tmut/Pois      16%        N/A       67%         5
 Agony                    Necr           21%        N/A       75%         5
 Enfeeble                 Hex            10%        N/A       100%        7


Dungeon Overview and Level Annotations

Branches:
Dungeon (13/15) Temple (1/1) D:7 Lair (0/5) D:8 Orc (0/2) D:10 Vaults (0/5) D:12 D:13 Bailey (visited)

Altars:
Ashenzari
Cheibriados
Dithmenos
Elyvilon
Fedhas
Gozag
Hepliaklqana
Kikubaaqudgha
Makhleb
Nemelex Xobeh
Okawaru
Qazlal
Ru
Sif Muna
Trog
Uskayaw
Vehumet
Wu Jian
Xom
Yredelemnul
Zin
The Shining One

Shops:
D:1 *   D:4 *[=[   D:7 *   D:12 =((

Annotations:
D:5 1 runed translucent door, rinse's ghost, amateur KoDe
D:13 Nessos


Innate Abilities, Weirdness & Mutations

Your body sometimes deteriorates upon taking damage.
You are somewhat resistant to further mutation.


Message History

The bolt of fire hits the slime creature!!!
You kill the slime creature!
Vehumet accepts your kill.
The bolt of fire hits the human!!!
You kill the human!
Vehumet accepts your kill.
You feel your power returning.
The bolt of fire hits the human!!
The human is severely wounded.
The bolt of fire hits the slime creature!!!
You kill the slime creature!
Vehumet accepts your kill.
You feel your power returning.
You feel very sick.
The centaur shoots an arrow.
The arrow hits you.
Unknown command.
Casting: Starburst (quite dangerous; 11% risk of failure)
Confirm with . or Enter, or press ? or * to list all spells.
Aiming: Mephitic Cloud (dangerous; 2% risk of failure)
Press: ? - help, Shift-Dir - straight line, f - centaur
Aim: a centaur, wielding a +0 shortbow (chance to affect: 81%)
Okay, then.
Unknown command.
Unknown command.
You feel very sick.
Nessos intently looks at you, slowly moving their tail.
Nessos shoots an arrow.
The arrow hits you!
* * * LOW HITPOINT WARNING * * *
The arrow burns you.
You are lethally poisoned!
* * * LOW HITPOINT WARNING * * *
The centaur shoots an arrow.
The arrow barely misses you.
Nessos shoots an arrow.
The arrow completely misses you.
The centaur shoots an arrow.
The arrow hits you but does no damage.
You climb upwards.
* * * LOW HITPOINT WARNING * * *
You feel extremely sick.
There is a stone staircase leading down here.
It was a potion of mutation.
You feel extremely strange.
You feel yourself wasting away.
You feel genetically stable.
You die...

##+#### ##.).# #.#
#..# ##..### #.#
#'##### ##..## #.#
......# #..## #.##
......# ####'#### #..#
......####
#...[...##### ###'####
......'..#
#.......'...###......#
......##.#
#.......###...'......'
......##.# #....@..#
#####.....(#
......##.# #.......#
#......#
......##.###.<.....#
#......#
......##...#.......#
#......#
......####.'.......#
###'#### '######
###....[..# #.# .#
####'#### #.# .#####
#.#### #.# .....#
#...(# #.#


There were no monsters in sight!

Vanquished Creatures
  A hydra (D:13)
  Erolcha (D:10)
  A tengu warrior (D:12)
  3 two-headed ogres
  Urug (D:11)
  Pikel (D:6)
  An orc knight (D:12)
  3 cyclopes
  Maurice (D:11)
  2 gargoyles
  Psyche (D:8)
  2 kobold demonologists
  2 komodo dragons
  A meliai (D:6)
  3 trolls
  5 slime creatures
  A vampire (Bailey)
  2 wyverns
  12 humans
  3 steam dragons
  14 yaks
  A basilisk (D:12)
  3 acid dragons
  An ice beast (D:5)
  4 orc warriors
  2 ogres (D:6)
  2 black bears (D:6)
  3 wolves (D:8)
  4 centaurs
  3 phantoms
  4 lemures (D:6)
  4 kobold brigands
  A bullfrog (D:7)
  2 gnoll sergeants
  A scorpion (D:5)
  14 wights
  11 killer bees
  An electric eel (D:8)
  5 wolf zombies (Bailey)
  6 vampire bats (Bailey)
  5 howler monkeys
  10 orc priests
  10 hounds
  9 jellies
  An iguana (D:5)
  Crazy Yiuf (D:2)
  10 orc wizards
  Robin (D:3)
  7 gnolls
  7 adders
  2 white imps
  4 ufetubi
  A worm (D:2)
  2 dart slugs
  30 orcs
  10 ball pythons
  21 endoplasms
  7 giant cockroaches
  23 goblins
  12 hobgoblins
  19 jackals
  17 kobolds
  3 quokkas (D:2)
  6 bats
  6 frilled lizards
  20 orc zombies (Bailey)
  7 rats
384 creatures vanquished.

Vanquished Creatures (collateral kills)
  2 orc warriors (D:6)
  A vampire bat (Bailey)
3 creatures vanquished.

Vanquished Creatures (others)
  A killer bee (D:9)
  2 electric eels (D:8)
3 creatures vanquished.

Grand Total: 390 creatures vanquished

Notes
Turn   | Place    | Note
-------+----------+-------------------------------------------
     0 | D:1      | pokeman the Deep Elf Hedge Wizard began the quest for the
                  | Orb.
     0 | D:1      | Reached XP level 1. HP: 10/10 MP: 7/7
   255 | D:1      | Reached XP level 2. HP: 16/16 MP: 3/9
   718 | D:1      | Reached skill level 5 in Spellcasting
   735 | D:1      | Reached XP level 3. HP: 20/20 MP: 7/11
   751 | D:1      | Learned a level 3 spell: Mephitic Cloud
   754 | D:1      | Learned a level 2 spell: Call Imp
   757 | D:1      | Learned a level 2 spell: Blink
   836 | D:1      | Found Murukh's Assorted Antiques.
  1106 | D:1      | Reached skill level 1 in Armour
  1263 | D:1      | Found a faded altar of an unknown god.
  1465 | D:2      | Reached skill level 1 in Fighting
  1699 | D:2      | Reached XP level 4. HP: 25/25 MP: 5/13
  2045 | D:2      | Found a runed translucent door.
  2046 | D:2      | Noticed Crazy Yiuf
  2061 | D:2      | Killed Crazy Yiuf
  2709 | D:3      | Noticed Robin
  2739 | D:3      | Killed Robin
  2740 | D:3      | Reached skill level 6 in Spellcasting
  2740 | D:3      | Reached XP level 5. HP: 16/29 MP: 1/15
  2957 | D:3      | Reached skill level 1 in Shields
  3579 | D:4      | Found Muzees's Assorted Antiques.
  3629 | D:4      | Found Qyetifie's Antique Armour Shop.
  3687 | D:4      | Found Neneohay's Jewellery Shop.
  3825 | D:4      | Found Niroim's Antique Armour Boutique.
  4020 | D:4      | Reached skill level 1 in Poison Magic
  4081 | D:4      | Reached XP level 6. HP: 34/34 MP: 11/17
  4236 | D:4      | Reached skill level 1 in Air Magic
  4475 | D:4      | Reached skill level 7 in Spellcasting
  4684 | D:5      | Entered Level 5 of the Dungeon
  4740 | D:5      | Found a burning altar of Makhleb.
  4749 | D:5      | Found a broken altar of Ashenzari.
  4826 | D:5      | Learned a level 4 spell: Iskenderun's Mystic Blast
  4833 | D:5      | Learned a level 6 spell: Starburst
  4883 | D:5      | Reached XP level 7. HP: 28/39 MP: 7/19
  5166 | D:5      | Reached skill level 1 in Fire Magic
  5306 | D:5      | Reached skill level 8 in Spellcasting
  5601 | D:5      | Reached XP level 8. HP: 42/44 MP: 5/22
  5897 | D:5      | Found a runed translucent door.
  5897 | D:5      | Noticed rinse's ghost (amateur KoDe)
  6125 | D:6      | Reached skill level 9 in Spellcasting
  6302 | D:6      | Reached skill level 5 in Conjurations
  6363 | D:6      | Noticed a two-headed ogre
  6367 | D:6      | Reached skill level 10 in Spellcasting
  6398 | D:6      | Killed a two-headed ogre
  6399 | D:6      | Reached XP level 9. HP: 38/48 MP: 7/25
  6505 | D:6      | Noticed a cyclops
  6563 | D:6      | a cyclops changed into a meliai
  6563 | D:6      | Noticed a meliai
  6568 | D:6      | Killed a meliai
  6569 | D:6      | Reached skill level 11 in Spellcasting
  6704 | D:6      | Noticed Maggie
  6773 | D:6      | Noticed Pikel
  6815 | D:6      | Maggie changed into Maggie the bat
  6815 | D:6      | Noticed Maggie
  6816 | D:6      | Killed Maggie the bat
  6824 | D:6      | Killed Pikel
  6825 | D:6      | Reached skill level 5 in Fire Magic
  6988 | D:6      | Reached skill level 12 in Spellcasting
  6992 | D:6      | Reached skill level 1 in Evocations
  7366 | D:7      | Found a staircase to the Ecumenical Temple.
  7385 | Temple   | Entered the Ecumenical Temple
  7540 | D:7      | Found a flagged portal.
  7547 | Bailey   | Entered a bailey
  7671 | Bailey   | Reached XP level 10. HP: 53/53 MP: 21/28
  7996 | Bailey   | Noticed a gargoyle
  8012 | Bailey   | Killed a gargoyle
  8089 | Bailey   | Got the Directory of Imprecation
  8564 | Bailey   | Reached skill level 13 in Spellcasting
  8762 | D:7      | Found Migeudd's General Store.
  8772 | D:7      | Bought a potion of degeneration for 13 gold pieces
  9507 | D:8      | Found a staircase to the Lair.
  9611 | D:8      | Reached skill level 14 in Spellcasting
  9868 | D:8      | Noticed Psyche
  9881 | D:8      | Killed Psyche
 10570 | D:9      | Reached XP level 11. HP: 36/60 MP: 20/31
 11045 | D:9      | Found a stormy altar of Qazlal.
 11258 | D:10     | Entered Level 10 of the Dungeon
 11258 | D:10     | Noticed a tengu warrior
 11679 | D:10     | Found a radiant altar of Vehumet.
 11691 | D:10     | Became a worshipper of Vehumet
 11928 | D:10     | Found a staircase to the Orcish Mines.
 11954 | D:10     | Reached skill level 15 in Spellcasting
 12094 | D:10     | Noticed a two-headed ogre
 12365 | D:10     | Noticed Erolcha
 12379 | D:10     | Killed Erolcha
 12436 | D:10     | Identified the +3 leather armour of Koydu {*Slow rF+ Str+2}
 12796 | D:11     | Noticed Urug
 12928 | D:11     | Killed Urug
 13109 | D:11     | Identified the +1 chain mail of the Blind Marksman {rF+ rC-
                  | rN+++ Str-3}
 13343 | D:11     | Noticed a two-headed ogre
 13350 | D:11     | Killed a two-headed ogre
 13559 | D:11     | Reached * piety under Vehumet
 13559 | D:11     | Offered knowledge of Freeze by Vehumet.
 14042 | D:11     | Noticed Maurice
 14056 | D:11     | Killed Maurice
 14057 | D:11     | Reached skill level 16 in Spellcasting
 14196 | D:12     | Found Ojunwah's Weapon Emporium.
 14438 | D:12     | Found Tug Sode's Jewellery Emporium.
 14476 | D:12     | Found Laupugass's Weapon Boutique.
 14532 | D:12     | Noticed a two-headed ogre
 15126 | D:12     | Killed a two-headed ogre
 15214 | D:12     | Reached XP level 12. HP: 59/66 MP: 10/34
 15317 | D:13     | Noticed a seven-headed hydra
 15317 | D:13     | Noticed Nessos
 15317 | D:13     | Noticed a two-headed ogre
 15317 | D:13     | Found a gate to the Vaults.
 15353 | D:12     | Reached skill level 10 in Conjurations
 15597 | D:13     | Noticed a tengu warrior
 15607 | D:12     | Killed a tengu warrior
 15607 | D:12     | Reached ** piety under Vehumet
 15607 | D:12     | Offered knowledge of Shock by Vehumet.
 15743 | D:13     | Reached skill level 17 in Spellcasting
 15745 | D:13     | Noticed a seven-headed hydra
 15914 | D:13     | Killed a seven-headed hydra
 15916 | D:12     | HP: 3/66 [poisoned by Nessos]
 15917 | D:12     | Gained mutation: Your body sometimes deteriorates upon
                  | taking damage. [potion of mutation]
 15917 | D:12     | Gained mutation: You are somewhat resistant to further
                  | mutation. [potion of mutation]
 15917 | D:12     | Succumbed to Nessos's poison

Illustrated notes

Levels and vault maps discovered:
D:1:      pf_arrival_petrified_forest, layout_basic, serial_shops,
          nicolae_shop_overgrown_old_shop,
          dreamdust_ecumenical_altar_angels_and_demons, serial_bayou_crossing
D:2:      layout_loops_cross, uniq_crazy_yiuf_cottage
D:3:      layout_rooms, kennysheep_big_empty_room, minmay_misc_feat_iff,
          uniq_robin
D:4:      layout_loops_ring, serial_shops, shop, kennysheep_little_box,
          nicolae_shop_tiny_statue_garden, nicolae_shop_crystal
D:5:      layout_basic, amethyst_overflow_temple_binary,
          ebering_ghost_reflecting_pool
D:6:      lemuel_slime, layout_basic, hangedman_minor_gate_pass, uniq_pikel,
          uniq_maggie
D:7:      layout_rooms, minmay_temple_entry_waves, serial_shops, shop,
          enter_bailey_3
D:8:      layout_gridville, erik_lair_island, uniq_psyche
D:9:      layout_irregular_city, nicolae_qazlal_style_of_elements,
          serial_column_ruins, column_ruins_open_small,
          column_ruins_columns_straight, column_ruins_columns_corner,
          minmay_statues_item
D:10:     layout_layer_cave, vehumet_altar_wand_db,
          minmay_orc_entry_temple_small, onia_ninara_dug_in_and_dangerous,
          uniq_erolcha
D:11:     layout_roguey, uniq_maurice, uniq_urug
D:12:     layout_roguey, serial_shops, nicolae_shop_pleasant_corner_grove, shop,
          nicolae_shop_getting_attention, serial_curves, eino_curves_03,
          eino_curves_04
D:13:     layout_cave_pods, david_vaults_3, portal_ice_cave_entry_pillars_1,
          minmay_circle_x, uniq_snorg, uniq_azrael, uniq_sonja
Temple:   regret_index_temple_mists

Skill      XL: |  1  2  3  4  5  6  7  8  9 10 11 12 |
---------------+-------------------------------------+-----
Spellcasting   | 5 6 7 8 10 12 14 16 17 | 17.3
Armour         | 1 2 3 4 |  4.0
Fighting       | 1 2 3 4 |  4.0
Conjurations   | 2 3 4 5 7 8 9 10 | 10.3
Dodging        | 3 |  3.0
Shields        | 1 2 3 4 |  4.9
Stealth        | 3 |  3.0
Poison Magic   | 1 |  1.0
Air Magic      | 1 |  1.2
Summonings     | 2 |  2.2
Fire Magic     | 2 4 5 7 8 9 |  9.6
Evocations     | 1 |  1.0
Translocations | |  1.1

Action                     |  1- 3 |  4- 6 |  7- 9 | 10-12 || total
---------------------------+-------+-------+-------+-------++-------
  Melee: Dagger            |    38 |    57 |   130 |    53 ||   278
         Punch             |       |       |     2 |     7 ||     9
         Short sword       |       |       |       |   181 ||   181
   Cast: Magic Dart        |   115 |   174 |   145 |   207 ||   641
         Mephitic Cloud    |       |     6 |    28 |    73 ||   107
         Blink             |       |     1 |       |     8 ||     9
         Call Imp          |       |     1 |    10 |     1 ||    12
         Iskenderun's Myst |       |       |     7 |    65 ||    72
         Starburst         |       |       |       |    29 ||    29
  Evoke: Wand              |       |       |     4 |    10 ||    14
    Use: Potion            |       |       |       |     2 ||     2
         Scroll            |       |       |       |     3 ||     3
   Stab: Confused          |       |     3 |    13 |    27 ||    43
 Armour: Robe              |     4 |    32 |    51 |    88 ||   175
         Acid dragon scale |       |       |       |    18 ||    18
  Dodge: Dodged            |    40 |    88 |    95 |   256 ||   479

Table legend: (Time is in decaauts)
 A = Elapsed time spent in this place.
 B = Non-inter-level travel time spent in this place.
 C = Inter-level travel time spent in this place.
 D = Time resting spent in this place.
 E = Time spent auto-exploring this place.
 F = Levels seen in this place.
 G = Mean time per level.
                   A        B        C        D        E       F      G
               +--------+--------+--------+--------+--------+-----+--------+
         Total |  15968 |  15565 |    403 |    960 |  11553 |  15 | 1064.5 |
       Dungeon |  14645 |  14242 |    403 |    948 |  10630 |  13 | 1126.5 |
        Temple |    144 |    144 |      0 |      0 |     67 |   1 |  144.0 |
        Bailey |   1178 |   1178 |      0 |     12 |    856 |   1 | 1178.0 |
               +--------+--------+--------+--------+--------+-----+--------+

Top non-repeatable levels by time:
    D:10: 1606 daAuts
    D:11: 1531 daAuts
    D:12: 1497 daAuts
     D:1: 1414 daAuts
     D:8: 1349 daAuts
     D:6: 1271 daAuts
     D:5: 1264 daAuts
     D:2: 1226 daAuts
  Bailey: 1178 daAuts
     D:4: 1138 daAuts
     D:9: 941 daAuts
     D:3: 926 daAuts
     D:7: 448 daAuts
  Temple: 144 daAuts
    D:13: 29 daAuts
